[Event "36th Balaton Open A 2018"]
[Site "Balatonlelle"]
[Date "2018.06.14"]
[Round "3"]
[White "Ronce, Nathan"]
[Black "Psaila, Clarence"]
[Result "1-0"]
[ECO "C00"]
[WhiteElo "2210"]
[BlackElo "1983"]
[Annotator "NA"]
[PlyCount "51"]
[EventDate "2018.06.12"]
[EventType "swiss"]
[EventCountry "HUN"]
[SourceTitle "playchess.com"]
[Source "ChessBase"]
[SourceQuality "1"]
[TimeControl "40/5400+30:1800+30"]

1. e4 e6 2. d4 d5 3. Bd3 dxe4 4. Bxe4 Nf6 5. Bf3 Nbd7 6. Nc3 e5 7. Nge2 Bd6 8. O-O $11 {[%emt 0:08:01] LiveBook: 4 Games} O-O 9. Ng3 exd4 10. Qxd4 Ne5 11. Be2 Bg4 12. Bg5 h6 13. Bxg4 Nexg4 14. Bxf6 Nxf6 15. Nf5 g6 16. Nd5 gxf5 17. Nxf6+ Kh8 18. Rad1 Be7 19. Nd7+ f6 20. Nxf8 Qxf8 21. Qf4 Bd6 22. Qxf5 Qg7 23. g3 Rg8 24. Rfe1 Qf7 25. Re6 Be5 26. Rxe5 1-0

[Event "36th Balaton Open A 2018"]
[Site "Balatonlelle"]
[Date "2018.06.14"]
[Round "3"]
[White "Nagy, Ervin Dr"]
[Black "Schmuck, Corentin"]
[Result "1-0"]
[ECO "C02"]
[WhiteElo "2172"]
[BlackElo "1925"]
[Annotator "NA"]
[PlyCount "81"]
[EventDate "2018.06.12"]
[EventType "swiss"]
[EventCountry "HUN"]
[SourceTitle "playchess.com"]
[Source "ChessBase"]
[SourceQuality "1"]
[TimeControl "40/5400+30:1800+30"]

1. e4 e6 2. d4 d5 3. e5 c5 4. c3 Qb6 5. Nf3 Nc6 6. a3 c4 7. g3 Na5 8. Nbd2 Bd7 9. Bg2 Ne7 10. O-O h6 11. h4 O-O-O 12. Re1 Kb8 13. Nf1 Nb3 14. Rb1 Nc8 15. Bf4 Be7 16. Ne3 Rdg8 17. Nxd5 Qb5 18. Nxe7 Nxe7 19. Qe2 Bc6 20. h5 Nd5 21. Be3 g6 22. Kh2 gxh5 23. Rh1 Rg4 24. Rbe1 Nxe3 25. fxe3 Rhg8 26. Rhg1 Rxg3 27. e4 R3g4 28. Bh3 Rxg1 29. Nxg1 Na5 30. Rf1 Be8 31. Rf2 Nc6 32. Qxh5 Qb3 33. Qe2 Ne7 34. Bf1 Rg7 35. Qxc4 Qd1 36. Qe2 Qc1 37. Nh3 Bc6 38. Bg2 b5 39. d5 exd5 40. Rf1 Qxf1 41. Qxf1 1-0

[Event "36th Balaton Open A 2018"]
[Site "Balatonlelle"]
[Date "2018.06.14"]
[Round "3"]
[White "Boguszlavszkij, Jevgenyij"]
[Black "Nagy, Daniel"]
[Result "0-1"]
[ECO "B00"]
[WhiteElo "2170"]
[BlackElo "2312"]
[Annotator "NA"]
[PlyCount "94"]
[EventDate "2018.06.12"]
[EventType "swiss"]
[EventCountry "HUN"]
[SourceTitle "playchess.com"]
[Source "ChessBase"]
[SourceQuality "1"]
[TimeControl "40/5400+30:1800+30"]

1. e4 d6 2. g3 e5 3. Bg2 h5 4. d4 exd4 5. Nf3 Bg4 6. h3 Bxf3 7. Bxf3 h4 8. Qxd4 Nc6 9. Qa4 Qf6 10. Bg2 hxg3 11. O-O (11. fxg3 $11 {keeps the balance.} O-O-O 12. Nc3) 11... gxf2+ 12. Rxf2 Qg6 $17 13. Nc3 Be7 14. Nd5 O-O-O 15. Be3 a6 16. Raf1 Bf6 17. Qc4 Rd7 18. c3 Ne5 19. Qe2 Bh4 20. Rf5 Ne7 21. Nf4 Qg3 22. Bf2 Nxf5 23. Bxg3 Nxg3 24. Qe3 Nxf1 25. Qa7 Nc6 26. Qa8+ Nb8 27. Kxf1 c6 28. Qa7 Bf6 29. Qb6 Re7 30. Nd3 Nd7 31. Qb4 Ne5 32. Nxe5 Bxe5 33. Kf2 Re6 34. Bf3 Kb8 35. Bg4 Re7 36. Qb6 g6 37. a4 f5 38. exf5 gxf5 39. Bf3 d5 40. b4 Bc7 41. Qc5 Re6 42. b5 axb5 43. axb5 Rg8 44. Be2 b6 45. Qd4 Re4 46. Qd1 Bg3+ 47. Kf3 Bh4 0-1

[Event "36th Balaton Open A 2018"]
[Site "Balatonlelle"]
[Date "2018.06.14"]
[Round "3"]
[White "Gaal, Ede"]
[Black "Kincs, Imre"]
[Result "1/2-1/2"]
[ECO "C68"]
[WhiteElo "2141"]
[BlackElo "2210"]
[Annotator "NA"]
[PlyCount "37"]
[EventDate "2018.06.12"]
[EventType "swiss"]
[EventCountry "HUN"]
[SourceTitle "playchess.com"]
[Source "ChessBase"]
[SourceQuality "1"]
[TimeControl "40/5400+30:1800+30"]

1. e4 e5 2. Nf3 Nc6 3. Bb5 a6 4. Bxc6 dxc6 5. O-O Bg4 6. h3 h5 7. d3 Bc5 8. Nbd2 Qf6 9. Nc4 Bxf3 10. Qxf3 Qxf3 11. gxf3 f6 12. f4 exf4 13. Bxf4 O-O-O 14. Kg2 Ne7 15. Be3 Bxe3 16. fxe3 c5 17. Kf3 Nc6 18. Ke2 b6 19. Rf5 1/2-1/2

[Event "36th Balaton Open A 2018"]
[Site "Balatonlelle"]
[Date "2018.06.14"]
[Round "3"]
[White "Hogea, Calin"]
[Black "Forgacs, Jozsef"]
[Result "0-1"]
[ECO "A83"]
[WhiteElo "2112"]
[BlackElo "2199"]
[Annotator "NA"]
[PlyCount "44"]
[EventDate "2018.06.12"]
[EventType "swiss"]
[EventCountry "HUN"]
[SourceTitle "playchess.com"]
[Source "ChessBase"]
[SourceQuality "1"]
[TimeControl "40/5400+30:1800+30"]

1. d4 f5 2. e4 fxe4 3. Nc3 Nf6 4. Bg5 Nc6 5. d5 Ne5 6. Qd4 Nf7 7. Bxf6 exf6 8. Nxe4 Be7 9. Bd3 O-O 10. O-O-O f5 11. Ng3 Bf6 12. Qa4 g6 $11 13. h4 c6 14. h5 b5 15. Qb3 c5 16. Qxb5 d6 17. hxg6 hxg6 18. f4 Bd7 19. Qc4 Rb8 20. c3 Bb5 21. Qxb5 Rxb5 22. Bxb5 Qa5 0-1

[Event "36th Balaton Open A 2018"]
[Site "Balatonlelle"]
[Date "2018.06.14"]
[Round "3"]
[White "Leszko, Bence"]
[Black "Kaibinger, Karoly"]
[Result "1/2-1/2"]
[ECO "C47"]
[WhiteElo "2096"]
[BlackElo "1804"]
[Annotator "NA RC"]
[PlyCount "210"]
[EventDate "2018.06.12"]
[EventType "swiss"]
[EventCountry "HUN"]
[SourceTitle "playchess.com"]
[Source "ChessBase"]
[SourceQuality "1"]
[TimeControl "40/5400+30:1800+30"]

1. e4 e5 2. Nf3 Nc6 3. Nc3 Nf6 4. a3 Be7 5. d4 d6 {[%emt 0:02:27] C47: Scotch Four Knights and Four Knights with 4 g3} (5... exd4 6. Nxd4 d6 7. Bc4 O-O 8. O-O Nxd4 9. Qxd4 Nd7 10. Nd5 Bf6 11. Nxf6+ Qxf6 12. Be3 Re8 13. Rae1 Ne5 14. Be2 Qg6 15. Bf4 Qf6 16. Be3 Qg6 17. Bf4 Qf6 {½-½ (17) Safarli,E (2639)-Kravtsiv,M (2672) Riadh 2017}) 6. d5 Nb8 7. h3 O-O 8. Be3 Bd7 $146 ({Predecessor:} 8... Nbd7 9. Be2 Kh8 10. g4 Ng8 11. Qd2 c6 12. O-O-O c5 13. g5 {1-0 (66) Vila Gazquez,X (2457)-Gallardo Retortillo,E (2173) Navalmoral 2009}) 9. g4 Ne8 10. Qd2 a6 11. Rg1 c5 12. g5 Qc8 13. h4 Bg4 14. Be2 Bh5 15. Rg3 Qc7 16. Nh2 Bxe2 17. Qxe2 b5 18. h5 b4 19. axb4 cxb4 20. Na4 Nd7 21. g6 Nef6 22. gxh7+ Kxh7 23. Bg5 Rac8 24. c3 Qc4 25. Qf3 Rce8 26. Qf5+ Kh8 27. Re3 Rb8 28. Nf3 bxc3 29. Rxc3 Qb4 30. Kf1 Rfe8 31. Bxf6 Nxf6 32. Ng5 Qb5+ 33. Kg2 Qe2 34. Nxf7+ Kg8 35. Ng5 Qg4+ 36. Qxg4 Nxg4 37. Ne6 Nh6 38. Rc6 Rb4 39. f3 a5 40. Kf2 Nf7 41. Rc2 Ng5 42. Nxg5 Bxg5 43. Kg3 Kh7 44. Kg4 Be7 45. Nc3 Ra8 46. Ne2 Ra7 47. Ng3 Bd8 48. Nf5 Rd7 49. Ra3 Bb6 50. Ne3 a4 51. Nf5 Bc5 52. Rac3 Rdb7 53. Rc4 Rxc4 54. Rxc4 Rxb2 55. Rxa4 Rg2+ 56. Kh3 Rg5 57. Kh4 Rg1 58. Ra8 Rh1+ {[%emt 0:00:55] [#]} 59. Kg4 $1 Rg1+ {[%emt 0:00:10] [#]} 60. Kh3 $1 Rh1+ {[%emt 0:00:02] [#]} 61. Kg3 ({Better is} 61. Kg2 $1 $16 Rxh5 62. Rd8) 61... Rxh5 62. Rd8 Rg5+ 63. Kh4 Rg6 64. Kh5 Rf6 65. Rd7 Rg6 66. Re7 Bb4 (66... Rg1 $14) 67. Re6 Rf6 68. Kg5 Bd2+ 69. Kg4 Bb4 70. Re7 Rg6+ 71. Kh5 Rg1 72. Rd7 Rg6 73. Rd8 Rf6 74. Kg4 Rg6+ 75. Kh3 Ba3 76. Ne3 Bc5 77. Ng4 Bb4 78. Kh4 Be1+ 79. Kh5 Bd2 80. Rh8+ Kxh8 81. Kxg6 Kg8 82. Nf2 Kf8 83. Nh3 Be3 84. Ng5 Bxg5 85. Kxg5 Kf7 86. Kf5 g6+ 87. Kg5 Kg7 88. Kh4 Kh7 89. Kg3 Kg7 90. Kg4 Kf6 91. Kh4 Kf7 92. Kg3 Kf6 93. Kf2 Kf7 94. Ke3 Kf6 95. Kd3 Kg5 $1 96. Kc4 Kf4 97. Kb5 Kxf3 98. Kc6 g5 99. Kxd6 g4 100. Kxe5 g3 101. d6 g2 102. d7 g1=Q 103. d8=Q Qg7+ 104. Qf6+ Qxf6+ 105. Kxf6 Kxe4 $11 {[%emt 0:00:02] Ke5+} 1/2-1/2

[Event "36th Balaton Open A 2018"]
[Site "Balatonlelle"]
[Date "2018.06.14"]
[Round "3"]
[White "Trajber, Csaba Dr"]
[Black "Terbe, Julianna"]
[Result "0-1"]
[ECO "C77"]
[WhiteElo "2029"]
[BlackElo "2242"]
[Annotator "NA"]
[PlyCount "92"]
[EventDate "2018.06.12"]
[EventType "swiss"]
[EventCountry "HUN"]
[SourceTitle "playchess.com"]
[Source "ChessBase"]
[SourceQuality "1"]
[TimeControl "40/5400+30:1800+30"]

1. e4 e5 2. Nf3 Nc6 3. Bb5 a6 4. Ba4 Nf6 5. d3 d6 6. c3 g6 7. Bg5 Bg7 8. O-O O-O 9. Qd2 Re8 10. Re1 Bg4 11. Bd1 d5 12. Qe3 d4 13. Qd2 Qd6 {[%emt 0:03:51] [#]} 14. h3 $15 (14. Nxd4 $1 $11 exd4 (14... Nxd4 15. Bxf6) 15. Bxf6) 14... Be6 15. cxd4 Nxd4 16. Nxd4 Qxd4 17. Nc3 Rad8 18. Be2 b5 19. Be3 Qd6 20. Red1 c5 21. Qc1 Rc8 22. b3 Nd7 23. Qc2 Nb8 24. Rac1 Nc6 25. Qb2 Nd4 26. Bf1 Rc6 27. Ne2 Rec8 28. Bxd4 cxd4 29. Rxc6 Rxc6 30. Rc1 a5 31. Rxc6 Qxc6 32. Qd2 a4 33. bxa4 bxa4 34. f4 f6 35. fxe5 fxe5 36. Qb2 Bf8 37. Qb8 Qc5 38. Qe8 Bxa2 39. Qxa4 Bf7 40. Qd7 Bh6 41. Qg4 Qc2 42. Ng3 Be3+ 43. Kh2 Qf2 44. Nh5 h6 45. Be2 Qg1+ 46. Kg3 Qe1+ 0-1

[Event "36th Balaton Open A 2018"]
[Site "Balatonlelle"]
[Date "2018.06.14"]
[Round "3"]
[White "Radics, Laszlo Dr"]
[Black "Sardy, Peter"]
[Result "0-1"]
[ECO "B20"]
[WhiteElo "1909"]
[BlackElo "2340"]
[Annotator "NA"]
[PlyCount "112"]
[EventDate "2018.06.12"]
[EventType "swiss"]
[EventCountry "HUN"]
[SourceTitle "playchess.com"]
[Source "ChessBase"]
[SourceQuality "1"]
[TimeControl "40/5400+30:1800+30"]

1. e4 c5 2. c4 Nc6 3. Nc3 g6 4. g3 Bg7 5. Bg2 e6 6. d3 Nge7 7. Nge2 d6 8. Rb1 O-O 9. O-O Rb8 10. Be3 Nd4 11. b4 b6 12. Bxd4 cxd4 13. Nb5 Nc6 14. Na3 e5 15. b5 Ne7 16. Nc2 f5 17. f4 fxe4 18. Bxe4 Bh3 19. Bg2 Bxg2 20. Kxg2 Nf5 21. Qe1 d5 22. Rd1 dxc4 23. fxe5 Qd5+ 24. Kg1 cxd3 25. Rxd3 Qxb5 26. Nf4 Qxe5 27. Ne6 Rfe8 28. Nxg7 Qxe1 29. Rxe1 Rxe1+ 30. Nxe1 Nxg7 31. Rxd4 Rb7 32. Rd8+ Kf7 33. Rh8 h5 34. Kf2 Rc7 35. Kf3 Rc3+ 36. Ke4 Ra3 37. Nd3 Rxa2 38. Ne5+ Ke6 39. Nxg6 Rxh2 40. Nf4+ Kf7 41. Rc8 Ne6 42. Nd3 Ke7 43. Rh8 Kd6 44. Rh6 Rh1 45. Nf4 Re1+ 46. Kf3 a5 47. Nxh5 a4 48. Kf2 Re5 49. Nf4 a3 50. Rh1 Nxf4 51. gxf4 Ra5 52. Ke3 a2 53. Ra1 Kc5 54. f5 Kb4 55. f6 Kb3 56. f7 Rf5 0-1

[Event "36th Balaton Open A 2018"]
[Site "Balatonlelle"]
[Date "2018.06.15"]
[Round "4"]
[White "Nagy, Daniel"]
[Black "Forgacs, Jozsef"]
[Result "1-0"]
[ECO "A40"]
[WhiteElo "2312"]
[BlackElo "2199"]
[Annotator "NA"]
[PlyCount "95"]
[EventDate "2018.06.12"]
[EventType "swiss"]
[EventCountry "HUN"]
[SourceTitle "playchess.com"]
[Source "ChessBase"]
[SourceQuality "1"]
[TimeControl "40/5400+30:1800+30"]

1. d4 e6 2. Nf3 f5 3. g3 Nf6 4. Bg2 d5 5. O-O Bd6 6. c4 c6 7. Nc3 O-O 8. Qc2 Ne4 9. Rb1 Qe7 10. b4 Nxc3 11. Qxc3 b5 12. cxb5 cxb5 13. Bf4 Bxf4 14. gxf4 Bd7 15. Qc5 Qxc5 16. bxc5 a6 17. Ne5 Rd8 18. e3 Nc6 19. Rfc1 Nxe5 20. fxe5 g5 21. Bf1 Bc6 22. Rc3 Kf7 23. f3 Ke7 24. Rcb3 Kd7 25. Kf2 Kc7 26. Bd3 Rg8 27. Rg1 h6 28. Rbb1 Rab8 29. h4 a5 30. hxg5 hxg5 31. Rh1 Rg7 32. Rh6 Kd7 33. Rbh1 b4 34. Rh8 Rxh8 35. Rxh8 Kc7 36. Ba6 Bd7 37. Ra8 g4 38. Ra7+ Kc6 39. Be2 gxf3 40. Kxf3 Rh7 41. Bd1 Kb5 42. c6 Kxc6 43. Ba4+ Kb6 44. Rxd7 Rh2 45. Rd6+ Kb7 46. Rxe6 Rxa2 47. Bb3 Ra3 48. Bxd5+ 1-0

[Event "36th Balaton Open A 2018"]
[Site "Balatonlelle"]
[Date "2018.06.15"]
[Round "4"]
[White "Kincs, Imre"]
[Black "Metaxasz, Vaszilisz"]
[Result "1-0"]
[ECO "B94"]
[WhiteElo "2210"]
[BlackElo "2047"]
[Annotator "NA"]
[PlyCount "55"]
[EventDate "2018.06.12"]
[EventType "swiss"]
[EventCountry "HUN"]
[SourceTitle "playchess.com"]
[Source "ChessBase"]
[SourceQuality "1"]
[TimeControl "40/5400+30:1800+30"]

1. e4 c5 2. Nf3 d6 3. d4 cxd4 4. Nxd4 Nf6 5. Nc3 a6 6. Bg5 Nbd7 7. a4 g6 8. Be2 Bg7 9. h4 Nc5 10. Bf3 h5 11. Qd2 Rb8 12. O-O Ne6 13. Be3 O-O 14. a5 Bd7 15. Nde2 Bc6 16. Bb6 Qe8 17. g3 Nd7 18. Bg2 Nxb6 19. axb6 Qd8 20. Qe3 Nc5 21. b4 Nd7 22. b5 axb5 23. Rab1 Nxb6 24. Nxb5 Nc4 25. Qc1 Qa5 26. Nbd4 Qc5 27. Rd1 Kh7 28. Qg5 1-0

[Event "36th Balaton Open A 2018"]
[Site "Balatonlelle"]
[Date "2018.06.15"]
[Round "4"]
[White "Trajber, Daniel"]
[Black "Gaal, Ede"]
[Result "1-0"]
[ECO "B01"]
[WhiteElo "2022"]
[BlackElo "2141"]
[Annotator "NA"]
[PlyCount "73"]
[EventDate "2018.06.12"]
[EventType "swiss"]
[EventCountry "HUN"]
[SourceTitle "playchess.com"]
[Source "ChessBase"]
[SourceQuality "1"]
[TimeControl "40/5400+30:1800+30"]

1. e4 d5 2. exd5 Nf6 3. d4 Bg4 4. f3 Bf5 5. Bb5+ Nbd7 6. c4 a6 7. Bxd7+ Bxd7 8. Ne2 b5 9. b3 g6 10. O-O Bg7 11. Nbc3 O-O 12. Bg5 Re8 13. Rc1 Rb8 14. Qd2 bxc4 15. bxc4 Rb4 16. Ne4 Qb8 17. Nc5 Bc8 18. Nd3 Rb6 19. c5 Rb7 20. Nc3 e6 21. Bxf6 Bxf6 22. Qf4 Bg7 23. Ne5 f6 24. Nc6 Qa8 25. d6 cxd6 26. cxd6 Bd7 27. Ne7+ Kf7 28. Ne4 Qb8 29. Ng5+ Kf8 30. Nxh7+ Kf7 31. Ng5+ Kf8 32. Nxg6+ Kg8 33. Ne4 Bb5 34. Nxf6+ Bxf6 35. Qxf6 Bxf1 36. Qh8+ Kf7 37. Ne5# 1-0

[Event "36th Balaton Open A 2018"]
[Site "Balatonlelle"]
[Date "2018.06.15"]
[Round "4"]
[White "Tancsa, Tamas"]
[Black "Hogea, Calin"]
[Result "1-0"]
[ECO "C40"]
[WhiteElo "1965"]
[BlackElo "2112"]
[Annotator "NA"]
[PlyCount "28"]
[EventDate "2018.06.12"]
[EventType "swiss"]
[EventCountry "HUN"]
[SourceTitle "playchess.com"]
[Source "ChessBase"]
[SourceQuality "1"]
[TimeControl "40/5400+30:1800+30"]

1. e4 e5 2. Nf3 Qe7 3. Bc4 d6 4. O-O g6 5. d4 c6 6. Ng5 Nh6 7. f4 f6 8. Nf3 Bg7 9. fxe5 dxe5 10. dxe5 fxe5 11. Bg5 Bf6 12. Bxf6 Qxf6 13. Qd2 Ng4 14. Ng5 Qd8 1-0

[Event "36th Balaton Open A 2018"]
[Site "Balatonlelle"]
[Date "2018.06.15"]
[Round "4"]
[White "Kaibinger, Karoly"]
[Black "Suta, Andraz"]
[Result "0-1"]
[ECO "C99"]
[WhiteElo "1804"]
[BlackElo "2239"]
[Annotator "NA"]
[PlyCount "84"]
[EventDate "2018.06.12"]
[EventType "swiss"]
[EventCountry "HUN"]
[SourceTitle "playchess.com"]
[Source "ChessBase"]
[SourceQuality "1"]
[TimeControl "40/5400+30:1800+30"]

1. e4 e5 2. Nf3 Nc6 3. Bb5 a6 4. Ba4 Nf6 5. O-O Be7 6. Re1 b5 7. Bb3 d6 8. c3 O-O 9. h3 Na5 10. Bc2 c5 11. d4 Qc7 12. Nbd2 cxd4 13. cxd4 Bb7 14. Nf1 Rac8 15. Bb1 d5 16. Ng3 dxe4 17. Nxe5 Rfd8 18. Nf5 Nc6 19. Bf4 Nxe5 20. Nxe7+ Qxe7 21. Bxe5 h6 22. Qe2 Qe6 23. Qe3 Re8 24. Qg3 Nh5 25. Qh4 Nf6 26. Qg3 Nh5 27. Qh4 Qg6 28. f3 f6 29. Bh2 f5 30. fxe4 Nf6 31. Be5 Bxe4 32. Bxe4 Nxe4 33. Rac1 Ng5 34. Qg3 Qf7 35. Rf1 Ne4 36. Qe3 Qd7 37. g4 Rxc1 38. Rxc1 Ng5 39. Qd3 Rxe5 40. Qb3+ Re6 41. Re1 Qxd4+ 42. Kf1 Qc4+ {Rc1} 0-1

[Event "36th Balaton Open A 2018"]
[Site "Balatonlelle"]
[Date "2018.06.15"]
[Round "4"]
[White "Farkas, Otto Jr"]
[Black "Leszko, Bence"]
[Result "0-1"]
[ECO "B42"]
[WhiteElo "1744"]
[BlackElo "2096"]
[Annotator "NA"]
[PlyCount "68"]
[EventDate "2018.06.12"]
[EventType "swiss"]
[EventCountry "HUN"]
[SourceTitle "playchess.com"]
[Source "ChessBase"]
[SourceQuality "1"]
[TimeControl "40/5400+30:1800+30"]

1. e4 c5 2. Nf3 e6 3. d4 cxd4 4. Nxd4 a6 5. Bd3 g6 6. O-O Bg7 7. c3 Ne7 8. Re1 Nbc6 9. Bf1 O-O 10. Be3 Qc7 11. Qd2 d5 12. Nxc6 Qxc6 13. Bd4 e5 14. exd5 Qd6 15. Be3 Qxd5 16. Na3 Qc6 17. Rad1 Nf5 18. Nc4 Be6 19. b3 b5 20. Na5 Qc7 21. b4 Nxe3 22. fxe3 Rfd8 23. Qc2 Rxd1 24. Rxd1 Rc8 25. c4 bxc4 26. Rc1 Qb6 27. Qd2 Bh6 28. Kf2 Rd8 29. Qc3 Rd3 30. Bxd3 Qxe3+ 31. Kf1 cxd3 32. Re1 Qf4+ 33. Kg1 d2 34. Rd1 Bg4 0-1

[Event "36th Balaton Open A 2018"]
[Site "Balatonlelle"]
[Date "2018.06.16"]
[Round "5"]
[White "Haszon, David"]
[Black "Trajber, Daniel"]
[Result "1-0"]
[ECO "B40"]
[WhiteElo "2246"]
[BlackElo "2022"]
[Annotator "NA"]
[PlyCount "47"]
[EventDate "2018.06.12"]
[EventType "swiss"]
[EventCountry "HUN"]
[SourceTitle "playchess.com"]
[Source "ChessBase"]
[SourceQuality "1"]
[TimeControl "40/5400+30:1800+30"]

1. e4 c5 2. Nf3 e6 3. b3 Nf6 4. Nc3 Nc6 5. Bb2 a6 6. e5 Ng4 7. Qe2 Qc7 8. O-O-O Be7 9. Re1 h5 10. h3 Nh6 11. g4 h4 12. Ne4 Qa5 13. Kb1 O-O 14. Nf6+ gxf6 15. Qe3 fxe5 16. Qxh6 Nb4 17. Rxe5 Qxa2+ 18. Kc1 f5 19. Qg6+ Kh8 20. Rxf5+ Qxb2+ 21. Kxb2 exf5 22. gxf5 Bf6+ 23. Kb1 d5 24. Qh5+ 1-0

[Event "36th Balaton Open A 2018"]
[Site "Balatonlelle"]
[Date "2018.06.16"]
[Round "5"]
[White "Terbe, Julianna"]
[Black "Nagy, Daniel"]
[Result "1/2-1/2"]
[ECO "B17"]
[WhiteElo "2242"]
[BlackElo "2312"]
[Annotator "NA"]
[PlyCount "70"]
[EventDate "2018.06.12"]
[EventType "swiss"]
[EventCountry "HUN"]
[SourceTitle "playchess.com"]
[Source "ChessBase"]
[SourceQuality "1"]
[TimeControl "40/5400+30:1800+30"]

1. e4 c6 2. d4 d5 3. Nc3 dxe4 4. Nxe4 Nd7 5. Nf3 Ngf6 6. Nxf6+ Nxf6 7. c3 Bg4 8. h3 Bh5 9. g4 Bg6 10. Ne5 Nd7 11. Nxg6 hxg6 12. d5 Nb6 13. dxc6 Qxd1+ 14. Kxd1 bxc6 15. Kc2 e6 16. Bg2 Rc8 17. Be3 Bd6 18. Rad1 Ke7 19. Rd3 Rc7 20. Rhd1 Nd5 21. a3 Nxe3+ 22. fxe3 Be5 23. b4 Rb8 24. a4 g5 25. Rb1 Bd6 26. b5 cxb5 27. axb5 Bc5 28. Bc6 Rd8 29. Rxd8 Kxd8 30. Kd3 Ke7 31. Re1 Kf6 32. Kc4 Bd6 33. Kd4 Be5+ 34. Kd3 Bd6 35. c4 Ke5 {[%emt 0:00:47] Ke4+} 1/2-1/2

[Event "36th Balaton Open A 2018"]
[Site "Balatonlelle"]
[Date "2018.06.16"]
[Round "5"]
[White "Suta, Andraz"]
[Black "Chandratreya Prachiti"]
[Result "1-0"]
[ECO "C02"]
[WhiteElo "2239"]
[BlackElo "1729"]
[Annotator "NA"]
[PlyCount "79"]
[EventDate "2018.06.12"]
[EventType "swiss"]
[EventCountry "HUN"]
[SourceTitle "playchess.com"]
[Source "ChessBase"]
[SourceQuality "1"]
[TimeControl "40/5400+30:1800+30"]

1. e4 e6 2. d4 d5 3. e5 c5 4. c3 Qb6 5. Nf3 Nc6 6. a3 Nh6 7. b4 cxd4 8. cxd4 Nf5 9. Bb2 Bd7 10. g4 Nfe7 11. Bc1 h5 12. g5 Nf5 13. Be3 Rc8 14. Bh3 Nce7 15. O-O g6 16. Qd2 Bg7 17. Nc3 O-O 18. Rfc1 Rc7 19. Bf1 Rfc8 20. Bd3 Bf8 21. h4 a6 22. Rab1 Be8 23. Kh2 Ng7 24. Kh3 Nef5 25. Qb2 Qa7 26. Rc2 Kh8 27. Rbc1 Qb6 28. Qb3 Bc6 29. Qb2 Be8 30. Nd2 Bb5 31. Nxb5 Rxc2 32. Rxc2 Rxc2 33. Qxc2 axb5 34. Qc8 Kg8 35. Nb3 Qa7 36. Bc1 Nxd4 37. Nc5 Nb3 38. Nd7 Qxf2 39. Qxf8+ Kh7 40. Nf6+ 1-0

[Event "36th Balaton Open A 2018"]
[Site "Balatonlelle"]
[Date "2018.06.16"]
[Round "5"]
[White "Ronce, Nathan"]
[Black "Atkins, Rita"]
[Result "1/2-1/2"]
[ECO "C00"]
[WhiteElo "2210"]
[BlackElo "2071"]
[Annotator "NA"]
[PlyCount "63"]
[EventDate "2018.06.12"]
[EventType "swiss"]
[EventCountry "HUN"]
[SourceTitle "playchess.com"]
[Source "ChessBase"]
[SourceQuality "1"]
[TimeControl "40/5400+30:1800+30"]

1. e4 e6 2. d4 d5 3. Bd3 c5 4. exd5 exd5 5. Nf3 c4 6. Be2 Nf6 7. O-O Be7 8. b3 cxb3 9. axb3 O-O 10. c4 Nc6 11. Nc3 Bg4 12. Be3 Nb4 13. Ne5 Bxe2 14. Qxe2 Ne4 15. Rfc1 f6 16. Nd3 Nxc3 17. Rxc3 Re8 18. Rcc1 a5 19. c5 Nc6 20. Qf3 Bf8 21. Nf4 Re4 22. Ne2 Qd7 23. Nc3 Rxd4 24. Bxd4 Nxd4 25. Qd3 Bxc5 26. h3 Rd8 27. Na4 Ba7 28. Nc5 Bxc5 29. Rxc5 b6 30. Rc3 Ne6 31. Rac1 Nc5 32. Qd4 1/2-1/2

[Event "36th Balaton Open A 2018"]
[Site "Balatonlelle"]
[Date "2018.06.16"]
[Round "5"]
[White "Forgacs, Jozsef"]
[Black "Tancsa, Tamas"]
[Result "1/2-1/2"]
[ECO "A10"]
[WhiteElo "2199"]
[BlackElo "1965"]
[Annotator "NA"]
[PlyCount "60"]
[EventDate "2018.06.12"]
[EventType "swiss"]
[EventCountry "HUN"]
[SourceTitle "playchess.com"]
[Source "ChessBase"]
[SourceQuality "1"]
[TimeControl "40/5400+30:1800+30"]

1. c4 d6 2. Nc3 e5 3. g3 Nf6 4. Bg2 g6 5. d3 Bg7 6. e4 O-O 7. Nge2 Ne8 8. O-O f5 9. exf5 gxf5 10. f4 Nc6 11. Rb1 a5 12. a3 Nd4 13. Re1 c6 14. Be3 Nc7 15. Bf2 Nce6 16. Nxd4 Nxd4 17. Ne2 Qc7 18. Kh1 Bd7 19. fxe5 dxe5 20. Bxd4 exd4 21. Nf4 Rae8 22. Qd2 Bh6 23. b4 axb4 24. axb4 Rxe1+ 25. Rxe1 Re8 26. Rxe8+ Bxe8 27. Kg1 Qe5 28. Kf2 Bxf4 29. Qxf4 Qxf4+ 30. gxf4 Kg7 1/2-1/2

[Event "36th Balaton Open A 2018"]
[Site "Balatonlelle"]
[Date "2018.06.16"]
[Round "5"]
[White "Nagy, Ervin Dr."]
[Black "Metaxasz, Vaszilisz"]
[Result "0-1"]
[ECO "B33"]
[WhiteElo "2172"]
[BlackElo "2047"]
[Annotator "NA"]
[PlyCount "48"]
[EventDate "2018.06.12"]
[EventType "swiss"]
[EventCountry "HUN"]
[SourceTitle "playchess.com"]
[Source "ChessBase"]
[SourceQuality "1"]
[TimeControl "40/5400+30:1800+30"]

1. e4 c5 2. Nf3 Nc6 3. d4 cxd4 4. Nxd4 Qb6 5. Nb3 Nf6 6. Nc3 e6 7. Bd3 a6 8. O-O Be7 9. Kh1 O-O 10. f4 d6 11. Qf3 Qc7 12. Be3 b5 13. a4 b4 14. Ne2 Nd7 15. Qh3 g6 16. Rad1 Bf6 17. Bc1 Nb6 18. a5 Na4 19. e5 dxe5 20. Be4 Bb7 21. fxe5 Bxe5 22. Qh4 Nxb2 23. Bxb2 Bxb2 24. Rd3 f5 0-1

[Event "36th Balaton Open A 2018"]
[Site "Balatonlelle"]
[Date "2018.06.16"]
[Round "5"]
[White "Boguszlavszkij, Jevgenyij"]
[Black "Sardy, Peter"]
[Result "1/2-1/2"]
[ECO "B40"]
[WhiteElo "2170"]
[BlackElo "2340"]
[Annotator "NA"]
[PlyCount "28"]
[EventDate "2018.06.12"]
[EventType "swiss"]
[EventCountry "HUN"]
[SourceTitle "playchess.com"]
[Source "ChessBase"]
[SourceQuality "1"]
[TimeControl "40/5400+30:1800+30"]

1. e4 c5 2. Nf3 e6 3. d3 Nc6 4. g3 d5 5. Nbd2 g6 6. Bg2 Bg7 7. O-O Nge7 8. Re1 b6 9. Nf1 h6 10. c3 O-O 11. h4 a5 12. e5 Ra7 13. d4 Ba6 14. a3 Nb8 1/2-1/2

[Event "36th Balaton Open A 2018"]
[Site "Balatonlelle"]
[Date "2018.06.16"]
[Round "5"]
[White "Gaal, Ede"]
[Black "Rabovszky, Gyorgy"]
[Result "1-0"]
[ECO "B30"]
[WhiteElo "2141"]
[BlackElo "1789"]
[Annotator "NA"]
[PlyCount "64"]
[EventDate "2018.06.12"]
[EventType "swiss"]
[EventCountry "HUN"]
[SourceTitle "playchess.com"]
[Source "ChessBase"]
[SourceQuality "1"]
[TimeControl "40/5400+30:1800+30"]

1. e4 c5 2. Nf3 Nc6 3. Bb5 Na5 4. O-O a6 5. Be2 e6 6. b3 d5 7. exd5 exd5 8. Re1 Be6 9. d4 Nf6 10. c3 c4 11. bxc4 dxc4 12. Ng5 Qd7 13. Nxe6 fxe6 14. Bg4 Nxg4 15. Qxg4 O-O-O 16. Bf4 h5 17. Qxe6 Qxe6 18. Rxe6 Rd5 19. g3 g5 20. Be5 Rg8 21. Nd2 Kd7 22. Rb6 Rb5 23. Rxb5 axb5 24. Rb1 b4 25. cxb4 c3 26. Ne4 Bxb4 27. Nf6+ Ke6 28. Nxg8 Ba3 29. Re1 Kd5 30. Nf6+ Kc4 31. f4 Nc6 32. Ne4 Kd5 1-0